 Dungeon Crawl Stone Soup version 0.19.5 (webtiles) character file.

952 greprep the Covert (level 7, -4/35 HPs)
             Began as a Spriggan Enchanter on May 15, 2017.
             Was an Initiate of Ashenzari.
             Slain by Menkaure (5 damage)
             ... on level 7 of the Dungeon.
             The game lasted 00:15:16 (6568 turns).

greprep the Covert (Spriggan Enchanter)             Turns: 6568, Time: 00:15:17

Health: -4/35      AC:  3    Str:  4    XL:     7   Next: 90%
Magic:  2/14       EV: 21    Int: 16    God:    Ashenzari [......]
Gold:   209        SH:  0    Dex: 19    Spells: 3 memorised, 8 levels left

rFire  . . .     SeeInvis +     o - +1 dagger (venom)
rCold  . . .     Gourm    .     b - +1 robe
rNeg   . . .     Faith    .     (shield restricted)
rPois  +         Spirit   .     (helmet restricted)
rElec  .         Reflect  .     (no cloak)
rCorr  .         Harm     .     (gloves unavailable)
MR     +....                    (boots unavailable)
Stlth  ++++......               (no amulet)
                                (no ring)
                                k - ring of poison resistance

@: very quick
A: unfitting armour, see invisible, herbivore 3, speed 3, slow metabolism 2
a: Curse Item, Renounce Religion


You were on level 7 of the Dungeon.
You worshipped Ashenzari.
Ashenzari was noncommittal.
You were not hungry.

You visited 1 branch of the dungeon, and saw 5 of its levels.

You collected 209 gold pieces.

Inventory:

Hand Weapons
 o - a +1 dagger of venom (weapon)
Armour
 b - a +1 robe (worn)
Jewellery
 k - a ring of poison resistance (left hand)
Scrolls
 a - 3 scrolls of remove curse
 f - 3 scrolls of magic mapping {unknown}
 h - a scroll of enchant armour {unknown}
 i - a scroll of recharging
 p - a scroll of torment {unknown}
 q - 2 scrolls of teleportation {unknown}
 s - a scroll of fear {unknown}
Potions
 e - 2 potions of cancellation
 g - a potion of agility {unknown}
 j - a potion of heal wounds {unknown}
 l - 2 potions of curing
 m - a potion of invisibility {unknown}
 n - a potion of lignification {unknown}
 r - 2 potions of degeneration {unknown}
Books
 c - a book of Maledictions

   Spells                             Type                      Level
   a - Corona                         Hexes                        1
   b - Ensorcelled Hibernation        Hexes/Ice                    2
   c - Confuse                        Hexes                        3
   d - Tukima's Dance                 Hexes                        3
   e - Dazzling Spray                 Conjuration/Hexes            3
Comestibles
 d - a bread ration


   Skills:
 * Level 2.4 Fighting
 * Level 4.1 Short Blades
 * Level 2.3 Armour
 * Level 4.9 Dodging
 * Level 8.6 Stealth
 + Level 4.1 Spellcasting
 + Level 4.4 Hexes
 + Level 1.1 Ice Magic


You had 8 spell levels left.
You knew the following spells:

 Your Spells              Type           Power        Failure   Level  Hunger
a - Corona                Hex            ###....      2%          1    None
b - Ensorcelled Hibernat  Hex/Ice        ##....       10%         2    ##.....
c - Confuse               Hex            ###.....     10%         3    ###....


Dungeon Overview and Level Annotations

Branches:
Dungeon (4/15)
 Temple: D:4-7

Altars:
Ashenzari
Elyvilon
Fedhas
Gozag
Kikubaaqudgha
Ru
Yredelemnul

Annotations:
D:7 Menkaure


Innate Abilities, Weirdness & Mutations

You are very small and have problems with some larger weapons.
You are too small for most types of armour.
You have supernaturally acute eyesight. (SInv)
You are a herbivore.
You cover ground extremely quickly.
You need consume almost no food.


Message History

Press: ? - help, Shift-Dir - straight line, f/p - Menkaure
Aim: Menkaure (fast, chance to defeat MR: 48%) Menkaure resists with some effort.
Menkaure calls on the powers of darkness!
Your body is wracked with pain!
Casting: Confuse
Confirm with . or Enter, or press ? or * to list all spells.
Aiming: Confuse
Press: ? - help, Shift-Dir - straight line, f/p - Menkaure
Aim: Menkaure (fast, chance to defeat MR: 48%) Menkaure resists with some effort.
Casting: Confuse
Confirm with . or Enter, or press ? or * to list all spells.
Aiming: Confuse
Press: ? - help, Shift-Dir - straight line, f/p - Menkaure
Aim: Menkaure (fast, chance to defeat MR: 48%) Menkaure resists with some effort.
Menkaure hits you!
* * * LOW HITPOINT WARNING * * *
Menkaure hits you.
You die...

#................# #####
#.########.......# #...### #.#
#.......########.#...) #.#
#.[.......)........###
###.###########################
#..........# #(########.# #.#
#.########### # #.#
#......@M...# # #.#
###########.# #.# #รท# #)# #.#
..# ..# ########## .)#
#.....o..#


You could see Menkaure.

Vanquished Creatures
  Sigmund (D:3)
  An orc warrior (D:7)
  2 ogres (D:7)
  A big kobold (D:7)
  2 scorpions
  A hound (D:4)
  2 orc wizards (D:7)
  3 worker ants
  A hound zombie (D:7)
  7 adders
  4 worms
  9 dart slugs
  A leopard gecko (D:3)
  8 orcs
  3 giant cockroaches
  6 goblins
  13 hobgoblins
  5 jackals
  2 quokkas
  5 ball pythons
  12 bats
  6 frilled lizards
  14 kobolds
  A leopard gecko skeleton (D:4)
  9 rats
119 creatures vanquished.

Notes
Turn   | Place    | Note
-------+----------+-------------------------------------------
     0 | D:1      | greprep the Spriggan Enchanter began the quest for the Orb.
     0 | D:1      | Reached XP level 1. HP: 9/9 MP: 5/5
   490 | D:1      | Reached XP level 2. HP: 13/13 MP: 6/6
   496 | D:1      | Learned a level 2 spell: Ensorcelled Hibernation
  1316 | D:1      | Reached XP level 3. HP: 15/17 MP: 2/8
  1389 | D:2      | Reached skill level 5 in Stealth
  2284 | D:2      | Found an opulent altar of Gozag.
  2372 | D:2      | Reached XP level 4. HP: 7/21 MP: 6/9
  2650 | D:2      | Learned a level 3 spell: Confuse
  3239 | D:3      | Reached skill level 6 in Stealth
  3312 | D:3      | Reached XP level 5. HP: 22/25 MP: 10/10
  3800 | D:3      | Noticed Sigmund
  3818 | D:3      | Reached skill level 1 in Armour
  4121 | D:3      | Reached skill level 1 in Fighting
  4263 | D:3      | Found a shattered altar of Ashenzari.
  4264 | D:3      | Found a white marble altar of Elyvilon.
  4264 | D:3      | Found a basalt altar of Yredelemnul.
  4264 | D:3      | Found a sacrificial altar of Ru.
  4269 | D:3      | Became a worshipper of Ashenzari the Shackled
  4274 | D:3      | Found an ancient bone altar of Kikubaaqudgha.
  4280 | D:3      | Found a blossoming altar of Fedhas.
  4741 | D:3      | Killed Sigmund
  4741 | D:3      | Reached skill level 7 in Stealth
  4741 | D:3      | Reached skill level 1 in Ice Magic
  4741 | D:3      | Reached XP level 6. HP: 29/30 MP: 7/12
  5642 | D:4      | You fall through a shaft for 3 floors!
  5642 | D:7      | Noticed Menkaure
  5642 | D:7      | Noticed an orc warrior
  5643 | D:7      | Killed an orc warrior
  5643 | D:7      | Reached XP level 7. HP: 34/34 MP: 13/13
  5745 | D:7      | Reached skill level 8 in Stealth
  6206 | D:7      | Noticed a hand axe
  6207 | D:7      | Noticed a dagger
  6232 | D:7      | HP: 1/35 [orc/dagger of distortion (20)]
  6568 | D:7      | HP: 1/35 [Menkaure (10)]
  6568 | D:7      | Slain by Menkaure

Skill      XL: |  1  2  3  4  5  6  7 |
---------------+----------------------+-----
Stealth        | 5 6 7 8 |  8.6
Spellcasting   | 3 4 |  4.1
Hexes          | 4 |  4.4
Armour         | 1 2 |  2.3
Short Blades   | 2 3 4 |  4.1
Fighting       | 1 2 |  2.4
Dodging        | 4 |  4.9
Ice Magic      | 1 |  1.1

Action                   |  1- 3 |  4- 6 |  7- 9 || total
-------------------------+-------+-------+-------++-------
Melee: Dagger            |    98 |   150 |    28 ||   276
       Short sword       |    41 |       |       ||    41
 Cast: Corona            |     5 |       |       ||     5
       Ensorcelled Hiber |    21 |    17 |     9 ||    47
       Confuse           |       |     5 |    11 ||    16
  Use: Scroll            |     3 |     3 |       ||     6
       Potion            |       |       |     1 ||     1
 Stab: Sleeping          |    23 |    18 |     7 ||    48
       Confused          |       |     1 |       ||     1
  Eat: Bread ration      |       |     1 |     1 ||     2
Armor: Robe              |    22 |    10 |     2 ||    34
Dodge: Dodged            |   120 |   115 |    15 ||   250
